Map: Ruby Rock LE

Players

pash - Winner!

  • Race: Terran Terran
  • Spawn Location: 5:00

VOD

Have the link to the VOD?

Description

Time

  • Played on: Jan. 2, 2026, 11:16 a.m.
  • Length: 15:20
Show
View Real Time Build Order
Export as new Build Order

pash Terran - Winner!

Build Orders:  

Get SALT Encoding   

  12  0:01  SCV  
  13  0:18  SCV  
  14  0:30  Supply Depot  
  14  0:34  SCV  
  15  0:41  Refinery  
  15  1:00  SCV  
  15  1:05  Barracks  
  16  1:19  SCV  
  17  1:24  Refinery  
  17  1:45  SCV  
  18  1:56  Supply Depot  
  18  2:09  SCV  
  19  2:22  Factory  
  19  2:32  Orbital Command  
  19  2:45  Reaper  
  20  2:54  Supply Depot  
  20  3:11  SCV  
  21  3:46  SCV  
  22  3:53  Factory Tech Lab  
  22  3:57  Barracks Reactor  
  22  4:08  Starport  
  22  4:14  SCV  
  23  4:41  SCV  
  23  4:49  Marine  
  25  4:50  Marine  
  29  5:11  Siege Tank  
  29  5:14  Marine  
  29  5:15  Marine  
  34  5:34  Supply Depot  
  34  5:37  Engineering Bay  
  34  5:42  Marine  
  34  5:43  Marine  
  36  5:50  SCV  
  37  6:02  Supply Depot  
  37  6:06  Unknown  
  37  6:15  Command Center  
  37  6:28  SCV  
  38  6:45  SCV  
  38  6:47  Marine x2  
  41  6:51  Siege Tank  
  41  6:53  Medivac  
  46  7:02  SCV  
  46  7:03  Terran Infantry Weapons Level 1  
  47  7:15  Barracks  
  47  7:17  Barracks  
  47  7:22  SCV  
  47  7:25  Marine x2  
  50  7:36  Siege Tank  
  50  7:37  Starport Reactor  
  53  8:02  Siege Tank  
  53  8:37  Missile Turret  
  53  9:15  Marine x2  
  53  9:17  Barracks Tech Lab  
  53  9:18  Barracks Tech Lab  
  55  9:28  Siege Tank  
  58  9:39  SCV  
  65  9:56  SCV  
  66  10:05  Orbital Command, Refinery  
  66  10:08  Refinery  
  66  10:10  Marine  
  66  10:11  Marine  
  66  10:16  Marauder  
  70  10:35  Unknown  
  70  10:36  Unknown  
  70  11:39  Supply Depot  
  70  11:40  Supply Depot x2  
  70  12:01  Unknown  
  70  12:06  Supply Depot  
  70  12:09  SCV x2, Marine x2, Marauder x2, Supply Depot  
  78  12:14  Supply Depot  
  78  12:26  SCV x2  
  80  12:34  Marine  
  80  12:39  Marauder  
  83  12:40  Marauder, Marine  
  83  12:43  SCV  
  87  12:59  Marine  
  88  13:05  Marine  
  88  13:09  Marine  
  90  13:25  Unknown  
  90  13:28  Marine  
  90  13:29  Marine  
  92  13:30  Marine, SCV  
  92  13:37  Siege Tank x3  
  92  13:38  Siege Tank  
  92  14:41  Marauder x2, Marine  
  92  14:42  Marine  
  98  14:54  Unknown  
Tags
 
Add a new tag
Caveats
  • Supply blocks, unpowered buildings, or Contaminate may cause inaccurate times.
  • Supply counts are checked every 10 seconds.